 Dungeon Crawl Stone Soup version 0.29.0-13-gc9e81de378 (webtiles) character file.

Game seed: 10326604637249424118

136213 ragingrage the Transmogrifier (level 17, -3/117 HPs)
             Began as an Octopode Cinder Acolyte on Sept 7, 2022.
             Was a Believer of Ignis.
             Hit by a large rock thrown by Polyphemus (18 damage)
             ... on level 3 of the Shoals.
             The game lasted 01:29:04 (58687 turns).

ragingrage the Transmogrifier (OpCA)               Turns: 58687, Time: 01:29:04

Health: -3/117     AC:  3    Str: 13    XL:     17   Next: 21%
Magic:  14/31      EV: 22    Int: 30    God:    Ignis [**....]
Gold:   470        SH:  7    Dex: 24    Spells: 8/36 levels left

rFire   + . .      SeeInvis +     - Unarmed
rCold   . . .      Faith    .   Z - +0 buckler "Enizia Uweo" {Drain rElec rCorr Dex+10}
rNeg    + . .      Spirit   .   N - +2 hat
rPois   .          Reflect  .   k - amulet of magic regeneration
rElec   +          Harm     .   q - ring of wizardry
rCorr   +          Rampage  .   G - ring of see invisible
Will    ++...                   Y - ring of willpower
Stlth   +++.......              x - +6 ring of dexterity
HPRegen 0.29/turn               p - +6 ring of intelligence
MPRegen 0.62/turn               i - ring of positive energy
                                (no ring)
                                (no ring)

@: very slightly contaminated
A: almost no armour, amphibious, 8 rings, camouflage 1, gelatinous body 1,
(nimble swimmer 1), tentacles
a: Renounce Religion, Fiery Armour, Foxfire Swarm, Rising Flame


You were on level 3 of the Shoals.
You worshipped Ignis.
Ignis was pleased with you.
You visited 5 branches of the dungeon, and saw 26 of its levels.
You also visited: Bailey and Gauntlet.

You collected 3025 gold pieces.
You spent 2555 gold pieces at shops.

Inventory:

Hand Weapons
 z - the +6 war axe of Zeaceg {flame, +Blink rF+ Dex-5}
   (You found it on level 10 of the Dungeon)

   It burns those it strikes, dealing additional fire damage.
   Big, fiery blades are also staple armaments of hydra-hunters.
   Dex:       It affects your dexterity (-5).
   rF:        It protects you from fire.
   +Blink:    It lets you blink.
Missiles
 d - 54 poisoned darts
 D - 14 atropa-tipped darts
 M - 41 boomerangs
 W - a curare-tipped dart
Armour
 N - a +2 hat (worn)
 Z - the +0 buckler "Enizia Uweo" (worn) {Drain rElec rCorr Dex+10}
   (You acquired it on level 2 of the Orcish Mines)

   Dex:       It affects your dexterity (+10).
   rElec:     It insulates you from electricity.
   rCorr:     It protects you from acid and corrosion.
   Drain:     It drains your maximum health when unequipped.
Jewellery
 i - a ring of positive energy (on tentacle)
 k - an amulet of magic regeneration (around mantle)
 p - a +6 ring of intelligence (on tentacle)
 q - a ring of wizardry (left tentacle)
 x - a +6 ring of dexterity (on tentacle)
 G - a ring of see invisible (right tentacle)
 Y - a ring of willpower (on tentacle)
Wands
 r - a wand of charming (10)
 s - a wand of quicksilver (19)
 B - a wand of roots (4)
 O - a wand of flame (5)
 R - a wand of digging (6)
 S - a wand of mindburst (14)
Scrolls
 a - 9 scrolls of identify {@rr}
 c - 3 scrolls of enchant armour
 e - 12 scrolls of teleportation
 f - 2 scrolls of butterflies
 j - 5 scrolls of brand weapon
 m - 2 scrolls of torment
 t - 5 scrolls of fear
 y - 7 scrolls of blinking
 E - 6 scrolls of poison
 J - 6 scrolls of magic mapping
 V - a scroll of amnesia
 X - a scroll of summoning
Potions
 b - 4 potions of heal wounds
 g - 2 potions of flight
 h - 8 potions of lignification
 l - 6 potions of curing
 n - 4 potions of magic
 o - 4 potions of brilliance
 u - a potion of mutation
 v - a potion of ambrosia
 w - 2 potions of haste
 A - 7 potions of attraction
 C - 4 potions of invisibility
 I - 4 potions of might
 Q - 2 potions of resistance
 U - 3 potions of berserk rage
Miscellaneous
 H - a phial of floods
 L - a box of beasts
 P - a tin of tremorstones (1/2)


   Skills:
 + Level 11.3 Fighting
 - Level 3.0 Polearms
 + Level 11.3 Dodging
 - Level 7.0 Shields
 + Level 5.3 Unarmed Combat
 - Level 10.0 Spellcasting
 - Level 8.0 Conjurations
 + Level 3.8 Hexes
 + Level 14.5 Transmutations
 - Level 8.0 Fire Magic
 - Level 14.0 Earth Magic


You had 8 spell levels left.
You knew the following spells:

 Your Spells              Type           Power      Damage    Failure   Level
a - Yara's Violent Unrav  Hex/Tmut       31%        3d13      1%          5
b - Stone Arrow           Conj/Erth      100%       3d13      1%          3
c - Lee's Rapid Deconstr  Erth           39%        3d20*     1%          5
d - Statue Form           Tmut/Erth      52%        N/A       1%          6
e - Leda's Liquefaction   Hex/Erth       31%        N/A       1%          4
f - Irradiate             Conj/Tmut      35%        3d23      1%          5

Your spell library contained the following spells:

 Spells                   Type           Power      Damage    Failure   Level
 Sandblast                Erth           100%       2d20      0%          1
 Passwall                 Tmut/Erth      65%        N/A       0%          2
 Ensorcelled Hibernation  Hex/Ice        52%        N/A       1%          2
 Scorch                   Fire           100%       2d10      1%          2
 Static Discharge         Conj/Air       39%        3-8/arc   1%          2
 Confusing Touch          Hex            37%        N/A       1%          3
 Dazzling Flash           Conj/Hex       100%       N/A       1%          3
 Inner Flame              Hex/Fire       50%        N/A       1%          3
 Spider Form              Tmut/Pois      56%        N/A       1%          3
 Petrify                  Tmut/Erth      79%        N/A       1%          4
 Blade Hands              Tmut           40%        N/A       1%          5
 Sublimation of Blood     Necr           15%        N/A       2%          2
 Iskenderun's Mystic Bla  Conj/Tloc      39%        2d9       3%          4
 Iron Shot                Conj/Erth      34%        9d7       3%          6
 Cause Fear               Hex            18%        N/A       4%          4
 Gell's Gravitas          Tloc           15%        N/A       5%          3
 Teleport Other           Tloc           15%        N/A       5%          3
 Anguish                  Hex/Necr       13%        N/A       9%          4
 Lightning Bolt           Conj/Air       19%        1d34      10%         5
 Starburst                Conj/Fire      29%        6d9       11%         6
 Olgreb's Toxic Radiance  Pois           15%        N/A       17%         4
 Silence                  Hex/Air        13%        N/A       22%         5
 Agony                    Necr           15%        N/A       43%         5
 Dispersal                Tloc           7%         N/A       92%         6
 Enfeeble                 Hex            18%        N/A       95%         7
 Ignition                 Fire           29%        3d9       98%         8
 Ozocubu's Refrigeration  Ice            7%         4d9       100%        7
 Discord                  Hex            18%        N/A       100%        8
 Maxwell's Capacitive Co  Air            7%         ∞         100%        8
 Animate Armour           Summ/Erth      Unusable   N/A       N/A         4

Dungeon Overview and Level Annotations

Branches:
Dungeon (15/15)            Temple (0/1) D:5            Lair (5/5) D:10
 Shoals (3/4) Lair:3       Spider (1/4) Lair:3        Slime (0/5) Lair:5
    Orc (2/2) D:12            Elf (0/3) Orc:2        Vaults (0/5) D:14
 Depths (0/4) D:15         Bailey (visited)         Gauntlet (visited)

Altars:
Ashenzari
Nemelex Xobeh
Sif Muna
Vehumet
Wu Jian
Xom
The Shining One

Shops:
D:3 [   D:5 *?   Orc:2 ([:(??*   Shoals:1 =   Shoals:3 !

Annotations:
D:3 exclusion: downstairs
D:8 exclusion: downstairs
D:12 1 runed translucent door, Jorgrun; freelancePsychic's ghost, journeyman DjMo
Lair:2 1 runed translucent door, Ciovowug's ghost, journeyman DrTm; Fannar
Lair:3 3 runed translucent doors, Econoterrorist's ghost, journeyman MiFi
Shoals:1 2 runed translucent doors, greasedhog's ghost, adept TrFi
Shoals:2 exclusion: downstairs
Shoals:3 Polyphemus
Spider:1 Agnes; Asterion


Innate Abilities, Weirdness & Mutations

You cannot wear most types of armour.
You are amphibious.
You can wear up to eight rings at the same time.
Your skin changes colour to match your surroundings (Stealth+).
Your rubbery body absorbs attacks. (AC +1, EV +1)
((You are camouflaged when in or above water. (Stealth+)))
You have tentacles for arms and can constrict up to eight enemies at once.


Message History

Polyphemus seems to be sizing you up for his next meal.
Polyphemus splashes around in the water.
Polyphemus completely misses you.
Casting: Stone Arrow (safe; 1% risk of failure)
Confirm with . or Enter, or press ? or * to list all spells.
Aiming: Stone Arrow (safe; 1% risk of failure)
Press: ? - help, Shift-Dir - straight line, f/p - Polyphemus
Aim: Polyphemus, quivering large rocks (water, severely wounded, fast, misshapen and mutated, 98% to hit)
The stone arrow hits Polyphemus!!
Polyphemus is almost dead.
Polyphemus misses you.
Polyphemus splashes around in the water.
Polyphemus hits you! Polyphemus hits you but does no damage.
You revert to your normal fleshy form.
Polyphemus throws a large rock.
The large rock barely misses you.
Polyphemus throws the catoblepas at you!
The catoblepas gores you. The catoblepas gores you!
The catoblepas barely misses you.
Unknown command.
The catoblepas attacks as you move away!
The catoblepas misses you. Polyphemus completely misses you.
Polyphemus hits you!! Polyphemus closely misses you.
Polyphemus splashes around in the water.
Casting: Stone Arrow (safe; 1% risk of failure)
Confirm with . or Enter, or press ? or * to list all spells.
Aiming: Stone Arrow (safe; 1% risk of failure)
Press: ? - help, Shift-Dir - straight line, f/p - Polyphemus
Aim: Polyphemus, quivering large rocks (water, severely wounded, fast, misshapen and mutated, 98% to hit)
The stone arrow hits Polyphemus!!
Polyphemus is almost dead.
Polyphemus glares at you with his lone eye.
Polyphemus hits you!!
* * * LOW HITPOINT WARNING * * *
Polyphemus closely misses you.
Blink to where?
Press: ? - help, Dir - move target, p - Polyphemus
As you read the scroll of blinking, it crumbles to dust.
Polyphemus yells loudly for his pets to attack!
Polyphemus throws a large rock.
The large rock hits you!!
You die...

)...).###...~~~~~~≈≈≈≈≈≈≈~~~~~~~~
~.)....##..~~~~~~~~≈~~~≈≈≈≈≈≈≈~~~
...........~~..~~~≈≈~~~≈≈≈≈≈≈~...
..~..~...~.....~~~≈≈~~~≈≈≈≈≈≈~..
~~.))............~~~~≈≈≈≈≈≈≈≈≈~.
~~~................~~≈≈≈≈≈≈≈≈≈≈~
~~.~~~.....[.......~~~≈≈≈~~~~≈≈~
~~..~...............~~≈C≈~..~≈≈≈
≈~~~~...........@....~≈§≈Y~~~≈≈≈
≈≈~~~~...............(≈≈≈~~~~≈≈≈
≈~~.~~~...............~~~~~~~~≈≈
~....~~~.....~.~......~~≈≈~~.~≈≈
~~~~~~..~...≈≈)≈≈......~~≈~~~~≈≈
~~~~~~..~~..≈~∩≈≈....).~~≈≈≈~~≈≈
~~~..>..~~~.≈≈≈≈≈.....~~~≈≈≈≈≈≈≈
........~~~..≈≈≈......~~≈≈≈≈≈~~
~.).#...~≈≈≈~~......~~~~≈≈≈≈≈


You could see Polyphemus (fast, misshapen).

Vanquished Creatures
  Gastronok (D:10)
  A kraken (Shoals:1)
  A ghost moth (Lair:3)
  A stone giant (Shoals:3)
  Nessos (D:15)
  Snorg (D:14)
  Josephine (D:15)
  2 merfolk javelineers
  5 merfolk impalers
  4 boulder beetles
  7 hydras
  A jorogumo (Spider:1)
  A radroach (Spider:1)
  15 two-headed ogres
  2 ogre magi (D:15)
  2 merfolk avatars
  2 alligator snapping turtles
  Erica (D:8)
  3 catoblepae (Lair:5)
  5 centaur warriors
  A satyr (Shoals:2)
  4 tengu warriors
  12 death yaks
  A vampire mage (D:15)
  4 orc high priests
  2 skeletal warriors (D:15)
  A pharaoh ant (Lair:3)
  5 sea snakes
  2 steelbarb worms
  5 orc knights
  An orb spider (Spider:1)
  A deep elf archer (D:14)
  A lindwurm (Lair:3)
  A necromancer (D:15)
  3 deep elf pyromancers
  A frost giant zombie (D:15)
  6 orc sorcerers
  2 deep elf zephyrmancers (D:14)
  21 harpies
  11 cyclopes
  A faun (shapeshifter) (D:12)
  14 fauns
  7 manticores
  7 wolf spiders
  9 elephants (Lair:2)
  A stone giant skeleton (D:15)
  6 merfolk sirens
  A black mamba (Lair:3)
  Joseph (D:7)
  A torpor snail (Lair:2)
  2 water nymphs
  9 cane toads
  An unseen horror (D:10)
  An orange demon (D:10)
  A demonic crawler (Lair:3)
  2 rime drakes
  4 yaktaurs (D:14)
  An efreet (D:13)
  Psyche (D:8)
  A kobold demonologist (D:14)
  A komodo dragon (shapeshifter) (D:14)
  7 komodo dragons
  3 tengu conjurers
  20 merfolk
  2 polar bears
  8 trolls
  A hornet (D:8)
  3 blink frogs (Lair:2)
  A tarantella (Spider:1)
  5 wind drakes
  3 snapping turtles
  3 dream sheep (Shoals:3)
  Sigmund (D:6)
  3 shadows
  4 culicivoras
  An ettin skeleton (D:15)
  30 yaks
  A water elemental (Shoals:1)
  A wyvern (shapeshifter) (D:14)
  5 wyverns
  2 fire elementals
  6 basilisks
  A yak (shapeshifter) (Lair:3)
  6 wraiths
  5 redbacks
  2 steam dragons (D:10)
  11 vampire mosquitoes
  A warg (Orc:2)
  A glowing shapeshifter zombie (D:15)
  16 water moccasins
  3 acid dragons
  A meliai simulacrum (D:14)
  19 orc warriors
  A swamp drake (D:8)
  A sky beast (D:6)
  2 ice beasts (D:5)
  3 black bears
  7 ogres
  17 centaurs
  17 wolves
  A phantom (D:12)
  7 kobold brigands
  Blork the orc (D:4)
  10 bullfrogs
  2 gnoll sergeants
  A scorpion (D:6)
  4 necrophages
  5 wights
  A troll zombie (D:12)
  2 howler monkeys (D:9)
  2 electric eels (Lair:2)
  A lava snake (Lair:1)
  6 hounds
  17 orc priests
  18 jellies
  3 gnoll boudas
  Ijyb (D:3)
  29 orc wizards
  7 iguanas
  Natasha (thrice) (D:3)
  7 ogre zombies (D:12)
  8 adders
  26 gnolls
  A white imp (D:10)
  A howler monkey simulacrum (D:10)
  4 ufetubi
  A worm (D:5)
  5 dart slugs
  70 orcs
  6 ball pythons
  5 endoplasms
  3 giant cockroaches
  8 goblins
  5 hobgoblins
  2 jackals (D:2)
  27 kobolds
  8 quokkas
  5 bats
  A frilled lizard (D:2)
  2 goblin skeletons (D:12)
  3 goblin zombies (D:12)
  6 hobgoblin skeletons (D:12)
  2 hobgoblin zombies (D:12)
  3 orc skeletons (D:12)
  9 orc zombies (D:12)
  6 rats (D:1)
  4 tentacles (Shoals:1)
787 creatures vanquished.

Vanquished Creatures (collateral kills)
  Amaemon (D:10)
  A yak (Lair:5)
  An ice beast (D:10)
  A wolf (Lair:5)
4 creatures vanquished.

Vanquished Creatures (others)
  85 foxfires
  49 fungi
  142 plants
  6 withered plants (D:15)
282 creatures vanquished.

Grand Total: 1073 creatures vanquished

Notes
Turn   | Place    | Note
-------+----------+-------------------------------------------
     0 | D:1      | ragingrage the Octopode Cinder Acolyte began the quest for
                  | the Orb.
     0 | D:1      | Reached XP level 1. HP: 16/16 MP: 2/2
     1 | D:1      | Noticed an electric eel
   480 | D:1      | Reached XP level 2. HP: 18/21 MP: 4/4
   487 | D:1      | Learned a level 2 spell: Scorch
  1120 | D:2      | Found a shimmering blue altar of Sif Muna.
  1309 | D:2      | Reached XP level 3. HP: 21/26 MP: 0/5
  1875 | D:2      | Found a faded altar of an unknown god.
  2489 | D:3      | Noticed Natasha
  2493 | D:3      | Killed Natasha
  2494 | D:3      | Reached XP level 4. HP: 31/31 MP: 2/8
  2570 | D:3      | Noticed Ijyb
  2578 | D:3      | Killed Ijyb
  2791 | D:3      | Reached XP level 5. HP: 36/36 MP: 4/9
  2964 | D:3      | Found a shimmering blue altar of Sif Muna.
  2967 | D:3      | Found a glowing golden altar of the Shining One.
  3070 | D:3      | Noticed Natasha
  3075 | D:3      | Killed Natasha
  3161 | D:3      | Noticed Natasha
  3168 | D:3      | Killed Natasha
  3169 | D:3      | Reached skill level 5 in Fire Magic
  3169 | D:3      | Reached XP level 6. HP: 38/42 MP: 2/11
  3359 | D:3      | Identified the amulet "Gocsiq" {Spirit Contam rElec rF-
                  | Dex+9}
  3714 | D:3      | Found Jiohynui's Armour Emporium.
  3923 | D:4      | Noticed Blork the orc
  4625 | D:4      | Reached XP level 7. HP: 45/46 MP: 1/13
  5173 | D:4      | Killed Blork the orc
  5174 | D:4      | Reached skill level 5 in Spellcasting
  5469 | D:5      | Entered Level 5 of the Dungeon
  5589 | D:5      | Reached skill level 1 in Dodging
  5589 | D:5      | Reached XP level 8. HP: 52/52 MP: 8/15
  5683 | D:5      | Learned a level 3 spell: Stone Arrow
  5807 | D:5      | Found Viyheygh's Neck Hole.
  5997 | D:5      | Reached skill level 1 in Conjurations
  5997 | D:5      | Reached skill level 1 in Earth Magic
  6257 | D:5      | Found Qillun's Magic Scroll Emporium.
  7036 | D:5      | Found a staircase to the Ecumenical Temple.
  7158 | D:5      | Found a sparkling altar of Nemelex Xobeh.
  7167 | D:5      | Found an ornate altar of the Wu Jian Council.
  7584 | D:6      | Noticed Sigmund
  8004 | D:6      | Killed Sigmund
  8005 | D:6      | Reached XP level 9. HP: 57/59 MP: 5/17
  9283 | D:5      | Bought an amulet of magic regeneration for 390 gold pieces
  9680 | D:7      | Reached skill level 5 in Fighting
  9905 | D:7      | You fall into a shaft and drop 1 floor!
 10107 | D:8      | Noticed Erica
 10112 | D:8      | Killed Erica
 10113 | D:8      | Reached skill level 5 in Earth Magic
 10125 | D:8      | Noticed Psyche
 10128 | D:8      | Noticed a hornet
 10133 | D:8      | Paralysed by a hornet for 3 turns
 10405 | D:9      | Found a broken altar of Ashenzari.
 10844 | D:8      | Reached XP level 10. HP: 65/66 MP: 14/20
 10989 | D:7      | Learned a level 5 spell: Lee's Rapid Deconstruction
 11623 | D:7      | Noticed Joseph
 12332 | D:8      | Killed Psyche
 12637 | D:8      | Reached skill level 5 in Dodging
 13017 | D:9      | Noticed a two-headed ogre
 13364 | D:9      | Killed a two-headed ogre
 13365 | D:9      | Reached skill level 1 in Shields
 13365 | D:9      | Reached skill level 5 in Conjurations
 13776 | D:9      | Noticed a two-headed ogre
 13784 | D:9      | Killed a two-headed ogre
 14309 | D:10     | Entered Level 10 of the Dungeon
 14330 | D:10     | Noticed a two-headed ogre
 14337 | D:10     | Killed a two-headed ogre
 14338 | D:10     | Reached XP level 11. HP: 74/74 MP: 13/22
 14385 | D:10     | Noticed Gastronok
 14832 | D:10     | Noticed a two-headed ogre
 14837 | D:10     | Killed a two-headed ogre
 14881 | D:10     | Noticed Amaemon
 14889 | D:10     | Killed Amaemon
 14904 | D:10     | Noticed Sonja
 14912 | D:10     | Noticed Sonja
 14912 | D:10     | Sonja changed into Sonja the basilisk
 14931 | D:10     | Found a flagged portal.
 14939 | Bailey   | Entered a bailey
 15453 | Bailey   | Noticed an orc knight
 15474 | Bailey   | Killed an orc knight
 15632 | Bailey   | Found a bloodstained altar of Trog.
 15668 | Bailey   | Learned a level 6 spell: Statue Form
 16041 | D:10     | Identified the +6 war axe of Zeaceg {flame, +Blink rF+
                  | Dex-5}
 16585 | D:9      | Reached skill level 5 in Shields
 16997 | D:11     | Noticed a six-headed hydra
 17047 | D:10     | Killed Gastronok
 17560 | D:10     | Killed Sonja the basilisk
 17799 | D:10     | Reached XP level 12. HP: 61/83 MP: 19/24
 18715 | D:10     | Found a staircase to the Lair.
 19103 | D:11     | Killed a six-headed hydra
 19133 | D:11     | Noticed a two-headed ogre
 19157 | D:11     | Killed a two-headed ogre
 20318 | D:12     | Noticed a tengu warrior
 20448 | Lair:1   | Entered Level 1 of the Lair of Beasts
 20614 | Lair:1   | Noticed an eight-headed hydra
 20662 | Lair:1   | Found a gate leading to a gauntlet.
 20671 | Gauntlet | Entered a Gauntlet
 20671 | Gauntlet | Found a transporter.
 20671 | Gauntlet | Found a large runed translucent door.
 20671 | Gauntlet | Found a large runed translucent door.
 20671 | Gauntlet | Found a large runed translucent door.
 20671 | Gauntlet | Found a large runed translucent door.
 20671 | Gauntlet | Found a runed translucent door.
 20671 | Gauntlet | Found a runed translucent door.
 20671 | Gauntlet | Found a large runed translucent door.
 20671 | Gauntlet | Found a large runed translucent door.
 20671 | Gauntlet | Found a large runed translucent door.
 20671 | Gauntlet | Found a large runed translucent door.
 20671 | Gauntlet | Found a large runed translucent door.
 20671 | Gauntlet | Found a large runed translucent door.
 20672 | Gauntlet | Found a large runed translucent door.
 20672 | Gauntlet | Found a large runed translucent door.
 20686 | Gauntlet | Found a transporter.
 20697 | Gauntlet | Found a transporter.
 20702 | Gauntlet | Found a transporter.
 20722 | Gauntlet | Found a transporter.
 20736 | Gauntlet | Found a transporter.
 20747 | Gauntlet | Noticed a death scarab
 20748 | Gauntlet | Found a transporter.
 20752 | Gauntlet | Noticed a death scarab
 20756 | Gauntlet | Noticed a death yak
 20757 | Gauntlet | Noticed a death yak
 20758 | Gauntlet | Noticed a death yak
 20758 | Gauntlet | Noticed a death yak
 20759 | Gauntlet | Noticed a death yak
 20760 | Gauntlet | Found a transporter.
 20766 | Gauntlet | Found a transporter.
 20766 | Gauntlet | Found a transporter.
 20779 | Gauntlet | Noticed a reaper
 20781 | Gauntlet | Found a transporter.
 20793 | Gauntlet | Found a transporter.
 20810 | Gauntlet | Found a transporter.
 20828 | Gauntlet | Found a transporter.
 20830 | Gauntlet | Found a transporter.
 20848 | Gauntlet | Found a large runed translucent door.
 20849 | Gauntlet | Found a large runed translucent door.
 20854 | Gauntlet | Found a runed translucent gate.
 20854 | Gauntlet | Found a runed translucent gate.
 20854 | Gauntlet | Found a runed translucent gate.
 20856 | Gauntlet | Found a transporter.
 20858 | Gauntlet | Found a transporter.
 21088 | Lair:1   | Reached skill level 1 in Transmutations
 21528 | Lair:1   | Killed an eight-headed hydra
 23645 | Lair:2   | Reached XP level 13. HP: 11/90 MP: 5/26
 23984 | Lair:2   | Found a runed translucent door.
 23985 | Lair:2   | Found a shimmering altar of Xom.
 23985 | Lair:2   | Noticed Ciovowug's ghost (journeyman DrTm)
 24726 | Lair:2   | Noticed Fannar
 26727 | Lair:3   | Found a runed translucent gate.
 26727 | Lair:3   | Found a runed translucent gate.
 26730 | Lair:3   | Found a runed translucent gate.
 26731 | Lair:3   | Noticed Econoterrorist's ghost (journeyman MiFi)
 26838 | Lair:3   | Found a hole to the Spider Nest.
 27086 | Lair:3   | Found a staircase to the Shoals.
 27426 | Lair:4   | Reached skill level 10 in Spellcasting
 29436 | Lair:5   | Entered Level 5 of the Lair of Beasts
 29576 | Lair:5   | Reached skill level 10 in Fighting
 30055 | Lair:5   | Found a staircase to the Slime Pits.
 31081 | Lair:5   | Learned a level 4 spell: Leda's Liquefaction
 31087 | Lair:5   | Learned a level 5 spell: Irradiate
 31343 | Lair:4   | Reached skill level 5 in Transmutations
 33055 | Lair:5   | Reached skill level 10 in Dodging
 33055 | Lair:5   | Reached XP level 14. HP: 99/99 MP: 12/28
 35872 | Lair:5   | Reached skill level 10 in Earth Magic
 38233 | D:7      | Killed Joseph
 38860 | D:12     | Identified the +0 robe of Geohuila {Int+2 SInv}
 39958 | D:12     | Found a runed translucent door.
 39961 | D:12     | Noticed freelancePsychic's ghost (journeyman DjMo)
 39967 | D:12     | Identified the +4 trident of Laceration {holy, +Blink Str+2
                  | Dex-5}
 40237 | D:12     | Noticed Jorgrun
 40465 | D:12     | Found a staircase to the Orcish Mines.
 41008 | Orc:1    | Entered Level 1 of the Orcish Mines
 41958 | D:13     | HP: 2/128 [tengu warrior/+0 great sword (7)]
 42772 | D:14     | Noticed Snorg
 42783 | D:14     | Killed Snorg
 43733 | D:14     | Reached XP level 15. HP: 95/103 MP: 17/29
 44549 | D:14     | Reached skill level 10 in Transmutations
 45066 | D:14     | Found a gate to the Vaults.
 45132 | D:14     | Found a radiant altar of Vehumet.
 46377 | Orc:2    | Entered Level 2 of the Orcish Mines
 46628 | Orc:2    | Found Cewaituf's Assorted Antiques.
 46680 | Orc:2    | Paralysed by an orc sorcerer for 3 turns
 46911 | Orc:2    | Found Kohatteh's Magic Scroll Shop.
 47711 | Orc:2    | Found Fossok Tuh's Antique Weapon Emporium.
 48241 | Orc:2    | Found Piajanesir's Antique Armour Shop.
 48248 | Orc:2    | Bought a faintly glowing buckler for 304 gold pieces
 48248 | Orc:2    | Identified the +1 buckler "Ycoosy" {Int+3} (You bought it
                  | in a shop on level 2 of the Orcish Mines)
 48260 | Orc:2    | Found Hidadear's Book Shop.
 48262 | Orc:2    | Found Odick's Magic Scroll Emporium.
 48268 | Orc:2    | Bought a book of Misfortune for 612 gold pieces
 48274 | Orc:2    | Learned a level 5 spell: Yara's Violent Unravelling
 48277 | Orc:2    | Bought a scroll of acquirement for 572 gold pieces
 48277 | Orc:2    | Acquired the +0 buckler "Enizia Uweo" {Drain rElec rCorr
                  | Dex+10}
 48383 | Orc:2    | Found a staircase to the Elven Halls.
 48400 | Orc:2    | Found Joejiu's Weapon Emporium.
 48961 | Orc:2    | Bought a scroll of blinking for 112 gold pieces
 48961 | Orc:2    | Bought a scroll of teleportation for 45 gold pieces
 49149 | D:15     | Entered Level 15 of the Dungeon
 51068 | D:15     | Found a staircase to the Depths.
 51536 | D:15     | Noticed Josephine
 51543 | D:15     | Killed Josephine
 51837 | D:15     | Noticed Nessos
 51849 | D:15     | Killed Nessos
 52286 | D:15     | Reached XP level 16. HP: 109/109 MP: 9/30
 52625 | Spider:1 | Entered Level 1 of the Spider Nest
 53459 | Spider:1 | Noticed Agnes
 53460 | Spider:1 | Noticed Asterion
 53462 | Spider:1 | Reached skill level 1 in Unarmed Combat
 53554 | Shoals:1 | Entered Level 1 of the Shoals
 54356 | Shoals:1 | Found Qomnuq's Jewellery Shop.
 54360 | Shoals:1 | Noticed a kraken
 54367 | Shoals:1 | Killed a kraken
 54372 | Shoals:1 | Bought a ring of willpower for 250 gold pieces
 54641 | Shoals:1 | Found a large runed translucent door.
 54641 | Shoals:1 | Found a large runed translucent door.
 54649 | Shoals:1 | Noticed greasedhog's ghost (adept TrFi)
 56083 | Shoals:2 | Reached skill level 1 in Hexes
 57511 | Shoals:2 | Reached XP level 17. HP: 117/117 MP: 23/31
 57773 | Shoals:3 | Reached skill level 5 in Unarmed Combat
 58517 | Shoals:3 | Identified the +2 scale mail "Oruohad" {Regen+ Slay+3}
 58610 | Shoals:3 | Found Leciofodgh's Distillery.
 58621 | Shoals:3 | Bought a potion of heal wounds for 75 gold pieces
 58621 | Shoals:3 | Bought a potion of heal wounds for 75 gold pieces
 58621 | Shoals:3 | Bought a potion of magic for 120 gold pieces
 58666 | Shoals:3 | Noticed Polyphemus
 58687 | Shoals:3 | Hit by a large rock thrown by Polyphemus

Illustrated notes

Levels and vault maps discovered:
D:1:      arrival_aquarium_a, layout_basic, minmay_three_crescents
D:2:      layout_loops_corners, dreamdust_ecumenical_altar_statues, basic_altar,
          serial_bayou_pond_e, minmay_door_square, minivault_11,
          kennysheep_generic_room_2
D:3:      layout_loops_ring, gammafunk_temple_overflow_statue, serial_shops,
          nicolae_diamond_shop, serial_forest, infiniplex_forest_straight_3,
          infiniplex_forest_clump_double, infiniplex_forest_lined_2,
          infiniplex_forest_straight_3, infiniplex_forest_end_1,
          infiniplex_forest_clump_double, infiniplex_forest_clump_double,
          infiniplex_forest_lined_2, minmay_fountain_box, uniq_natasha,
          uniq_ijyb
D:4:      layout_basic, uniq_blork_the_orc
D:5:      layout_basic, mainiacjoe_overflow_swirl,
          minmay_temple_entry_statues_fountains, serial_shops, shop,
          nicolae_shop_sticking_my_neck_out
D:6:      layout_gridville, chequers_serial_rivers_micro_c,
          serial_bayou_crossing, uniq_sigmund
D:7:      layout_basic, uniq_joseph
D:8:      layout_basic, uniq_psyche, uniq_erica
D:9:      layout_stronghold, nicolae_ashenzari_skybound
D:10:     layout_irregular_city, erik_lair_dragon, enter_bailey_3, serial_ice,
          serial_ice_c, serial_ice_j, serial_ice_m, serial_ice_g,
          uniq_gastronok, uniq_sonja, uniq_amaemon
D:11:     layout_irregular_city, portal_ice_cave_entry_pillars_1
D:12:     layout_basic, zombieorc2_lemuel, ebering_ghost_funeral_grove,
          minmay_fractal_squares_gapless_7, uniq_jorgrun
D:13:     layout_grid_maze
D:14:     layout_layer_cave, hangedman_vaults_entry_quadrant_bands,
          kennysheep_another_room, nicolae_vehumet_radiance, uniq_snorg
D:15:     gammafunk_depths_entry_grave, layout_stronghold,
          nicolae_lava_and_water, uniq_josephine, uniq_nessos
Lair:1:   layout_gridlike, gauntlet_entry_generic, columned_hall_lemuel
Lair:2:   layout_regular_city, ebering_ghost_xom, serial_bayou_shore_a,
          lemuel_fruit_fields, grunt_megastairs_2, lemuel_fruit_tree,
          uniq_fannar
Lair:3:   layout_loops_ring, elwin_shoals_entry_rooms,
          spider_nest_entry_web_field, ebering_ghost_rock_garden
Lair:4:   layout_regular_city, grunt_megastairs_3, serial_bayou_shore_b
Lair:5:   evilmike_catoblepas_cave, layout_big_grid,
          minmay_slime_entry_jelly_boxes, nzn_sisyphean_effort,
          lemuel_fruit_fields
Shoals:1: layout_shoals, serial_shops, shop_statue, ebering_ghost_disaster_area
Shoals:2: cheibrodos_shoals_satyrical_garden, layout_shoals,
          nicolae_shoals_flooded_hall
Shoals:3: layout_shoals, serial_shops, nicolae_shop_waterfront,
          nicolae_shoals_lost_giant_amphitheater, st_cyclops, uniq_polyphemus
Spider:1: layout_spider_delve, hellmonk_deceptive_appearances, uniq_agnes,
          uniq_nikola, uniq_asterion
Orc:1:    layout_caves
Orc:2:    st_orc_elflike, layout_caves, serial_shops, shop,
          nicolae_shop_bloodbath_and_beyond, shop

Skill      XL: |  1  2  3  4  5  6  7  8  9 10 11 12 13 14 15 16 17 |
---------------+----------------------------------------------------+-----
Spellcasting   | 2 3 4 5 6 7 8 9 10 | 10.0
Fire Magic     | 4 5 7 8 |  8.0
Dodging        | 1 3 4 6 7 8 10 11 | 11.3
Conjurations   | 2 4 5 7 8 |  8.0
Earth Magic    | 2 5 6 7 9 12 14 | 14.0
Fighting       | 4 5 6 8 9 10 11 | 11.3
Shields        | 3 5 6 7 |  7.0
Transmutations | 2 5 9 12 14 | 14.5
Unarmed Combat | 4 5 |  5.3
Hexes          | 2 3 |  3.8
Polearms       | |  3.0

Action                   |  1- 3 |  4- 6 |  7- 9 | 10-12 | 13-15 | 16-18 || total
-------------------------+-------+-------+-------+-------+-------+-------++-------
Melee: Spear             |    35 |    21 |    22 |       |       |       ||    78
       Constrict         |     6 |     5 |     5 |     1 |     9 |    27 ||    53
       Tentacles         |     6 |     4 |     3 |     4 |    15 |    37 ||    69
       Flail             |       |       |    10 |    14 |    68 |       ||    92
       War axe           |       |       |       |     3 |       |       ||     3
       Punch             |       |       |       |       |     2 |    10 ||    12
       Unarmed           |       |       |       |       |    14 |   108 ||   122
Throw: Dart              |       |       |    14 |    41 |    31 |       ||    86
       Throwing net      |       |       |     1 |     1 |       |       ||     2
 Cast: Scorch            |    31 |    60 |   164 |   226 |    21 |       ||   502
       Stone Arrow       |       |       |       |   193 |   702 |   250 ||  1145
       Lee's Rapid Decon |       |       |       |     1 |    79 |    30 ||   110
       Leda's Liquefacti |       |       |       |       |    33 |     5 ||    38
       Statue Form       |       |       |       |       |    33 |    46 ||    79
       Irradiate         |       |       |       |       |    14 |    32 ||    46
       Yara's Violent Un |       |       |       |       |     2 |     9 ||    11
Invok: Foxfire Swarm     |       |       |     2 |     3 |       |       ||     5
       Fiery Armour      |       |       |       |     1 |       |       ||     1
Evoke: Wand              |       |       |     1 |    17 |    17 |     8 ||    43
       Box of beasts     |       |       |       |     2 |     2 |     1 ||     5
       Phial of floods   |       |       |       |     1 |     3 |       ||     4
       Tin of tremorston |       |       |       |       |     2 |     3 ||     5
  Use: Scroll            |       |     1 |     3 |    14 |    17 |     1 ||    36
       Potion            |       |       |     3 |     3 |     2 |     1 ||     9
 Stab: Sleeping          |     2 |       |       |       |       |       ||     2
Armor: Skin              |     1 |       |     3 |    21 |   189 |   384 ||   598
Dodge: Dodged            |    15 |    19 |    46 |   138 |   317 |   591 ||  1126
Block: Other             |       |     2 |     9 |       |       |       ||    11
       Buckler           |       |       |       |    33 |   129 |   229 ||   391
